AoeStats
← DKing

Arena

509739503Analyzed
4v4 RM · 5d ago on Sep 27, 2026· 46m 0s· 8 players
Game mode
Random Map
Map size
Large (8 player)
Population
200
Speed
Normal
Resources
Standard
Victory
Conquest
Starting age
Dark Age
Ending age
Imperial Age
RankedLock teamsTeams togetherTeam positionsShared explorationLock speedFull tech treeHidden civsTurbo modeCheats
Victory
Defeat
🇫🇷 Cumans · France
1336
+14
🇷🇺 Poles · Russia
1285
+16
🇨🇳 Dravidians · China
1202
+20
🇹🇼 Slavs · Taiwan
1181
+20
🇳🇴 Italians · Norway
1299
-18
🇵🇹 Hindustanis · Portugal
1296
-18
🇹🇷 Bohemians · Türkiye
1283
-17
🇨🇴 Huns · Colombia
1270
-17
Cr3wCo
11:28 Feudal Age
14:58 Castle Age
13:06 Double-Bit Axe
13:49 Horse Collar
17:55 Wheelbarrow
17:26 Light Cavalry
22:11 Gold Mining
22:29 Heavy Plow
22:50 Bow Saw
24:51 Loom
28:33 Imperial Age
25:59 Stone Mining
27:11 Sanctity
27:44 Hand Cart
27:16 Town Watch
28:10 Gold Shaft Mining
27:48 Bloodlines
27:38 Husbandry
28:13 Scale Barding Armor
28:19 Forging
28:00 Fletching
28:11 Padded Archer Armor
28:42 Ballistics
28:19 Murder Holes
29:05 Masonry
29:57 Parthian Tactics
30:48 Two-Man Saw
30:56 Chemistry
30:26 Bodkin Arrow
31:39 Leather Archer Armor
32:42 Heavy Cavalry Archer
34:24 Bracer
34:45 Chain Barding Armor
34:59 Thumb Ring
36:44 Hussar
38:13 Conscription
38:16 Atheism
39:50 Plate Barding Armor
43:49 Elite Skirmisher
DKing
9:19 Loom
11:26 Feudal Age
15:02 Castle Age
13:17 Double-Bit Axe
13:28 Horse Collar
18:54 Bow Saw
19:51 Heavy Plow
21:16 Wheelbarrow
21:14 Fervor
23:17 Hand Cart
23:15 Town Watch
28:03 Imperial Age
27:22 Forging
27:17 Scale Barding Armor
28:02 Bloodlines
27:53 Husbandry
27:13 Light Cavalry
29:16 Iron Casting
29:55 Chemistry
28:58 Hussar
30:47 Padded Archer Armor
31:45 Gold Mining
33:03 Leather Archer Armor
35:22 Two-Man Saw
34:54 Ring Archer Armor
35:45 Conscription
34:57 Heavy Camel Rider
37:46 Gold Shaft Mining
37:02 Stone Mining
40:17 Shatagni
43:54 Hoardings
KRYPTAERNN
11:05 Feudal Age
15:12 Castle Age
13:45 Double-Bit Axe
13:44 Horse Collar
18:16 Loom
22:13 Bow Saw
29:24 Imperial Age
28:02 Wheelbarrow
27:55 Ballistics
27:30 Gold Mining
27:56 Fletching
28:25 Padded Archer Armor
28:53 Thumb Ring
29:43 Bodkin Arrow
31:05 Chemistry
30:34 Conscription
32:28 Two-Man Saw
31:33 Heavy Plow
32:25 Bracer
34:06 Hand Cart
35:03 Light Cavalry
35:53 Bloodlines
35:44 Husbandry
37:29 Bombard Tower
38:44 Squires
38:21 Hussar
39:29 Elite Genoese Crossbowman
41:31 Scale Barding Armor
41:37 Forging
45:11 Chain Barding Armor
45:27 Iron Casting
Chayeli
10:03 Feudal Age
8:56 Loom
15:31 Castle Age
14:00 Double-Bit Axe
16:49 Bow Saw
19:04 Wheelbarrow
20:56 Horse Collar
23:33 Town Watch
30:07 Imperial Age
28:08 Fletching
28:19 Padded Archer Armor
29:36 Chemistry
28:57 Ballistics
28:48 Masonry
28:34 Murder Holes
29:25 Forging
29:11 Bodkin Arrow
31:09 Leather Archer Armor
31:34 Bracer
33:10 Ring Archer Armor
35:58 Iron Casting
Sahraoui
8:33 Feudal Age
9:21 Double-Bit Axe
9:20 Horse Collar
18:22 Loom
19:13 Wheelbarrow
18:33 Loom
21:37 Castle Age
21:12 Forging
21:02 Scale Mail Armor
21:08 Scale Mail Armor
23:12 Capped Ram
23:17 Man-at-Arms
23:38 Pikeman
24:20 Long Swordsman
25:06 Squires
24:55 Arson
30:50 Chain Mail Armor
31:10 Iron Casting
32:12 Scale Barding Armor
34:40 Imperial Age
32:30 Hand Cart
32:16 Heavy Plow
32:32 Bow Saw
34:16 Bloodlines
33:27 Light Cavalry
34:29 Chain Barding Armor
37:25 Siege Ram
37:27 Halberdier
37:28 Two-Handed Swordsman
38:38 Elite Steppe Lancer
41:45 Plate Barding Armor
42:10 Blast Furnace
44:49 Champion
Unlucky
10:50 Feudal Age
14:39 Castle Age
12:32 Horse Collar
13:01 Double-Bit Axe
19:54 Wheelbarrow
19:09 Loom
19:11 Town Watch
23:25 Bow Saw
28:59 Imperial Age
26:51 Bloodlines
26:41 Husbandry
27:18 Heavy Plow
27:32 Gold Mining
28:16 Szlachta Privileges
29:34 Hand Cart
29:31 Scale Barding Armor
29:37 Forging
30:03 Conscription
29:07 Cavalier
29:15 Cavalier
30:36 Chain Barding Armor
32:21 Iron Casting
31:54 Squires
31:39 Arson
33:00 Elite Obuch
34:42 Blast Furnace
33:43 Scale Mail Armor
39:26 Fletching
43:06 Bodkin Arrow
43:35 Ballistics
43:26 Fortified Wall
nicebro
11:02 Feudal Age
15:20 Castle Age
13:18 Horse Collar
13:52 Double-Bit Axe
14:55 Gold Mining
18:09 Stone Mining
22:46 Bow Saw
23:24 Heavy Plow
26:19 Detinets
27:04 Wheelbarrow
30:23 Imperial Age
27:47 Town Watch
27:52 Loom
29:37 Hand Cart
29:39 Scale Barding Armor
29:44 Forging
30:41 Chain Barding Armor
30:54 Bloodlines
30:45 Husbandry
31:49 Conscription
32:12 Iron Casting
31:43 Druzhina
31:31 Elite Boyar
32:12 Capped Ram
34:07 Siege Ram
37:01 Plate Barding Armor
37:36 Blast Furnace
36:27 Fletching
36:37 Padded Archer Armor
41:39 Bodkin Arrow
41:59 Leather Archer Armor
41:45 Scale Mail Armor
41:54 Caravan
42:25 Coinage
HajimiManbo
11:23 Feudal Age
15:11 Castle Age
13:38 Double-Bit Axe
13:55 Horse Collar
15:24 Stone Mining
21:30 Bow Saw
21:31 Heavy Plow
24:40 Loom
25:39 Wheelbarrow
30:53 Imperial Age
28:03 Pikeman
28:43 Squires
28:29 Arson
29:27 Hand Cart
29:17 Gold Mining
29:45 Fletching
29:55 Padded Archer Armor
30:21 Thumb Ring
30:51 Bodkin Arrow
32:10 Coinage
32:10 Elite Skirmisher
34:07 Two-Man Saw
34:00 Conscription
35:14 Leather Archer Armor
35:09 Elite Elephant Archer
36:07 Bracer
38:48 Halberdier
39:15 Gambesons
40:02 Ring Archer Armor
39:35 Scale Mail Armor
39:46 Forging
40:28 Medical Corps
41:43 Chemistry
41:11 Ballistics
41:07 Scale Barding Armor
42:56 Iron Casting
43:34 Husbandry
42:54 Light Cavalry
Connection lost

Rejoining the realm…

Still unreachable

The connection could not be restored.

Session expired

The server has moved on; the page needs a fresh start.